Map: Prüfung von Aiur LE

Players

Panda - Winner!

  • Race: Zerg Zerg
  • League: Diamond
  • Spawn Location: 5:00

KhalaiLlama

  • Race: Protoss Protoss
  • League: Diamond
  • Spawn Location: 11:00

VOD

Have the link to the VOD?

Description

Time

  • Played on: Sept. 7, 2017, 9:04 a.m.
  • Length: 2:48
Show
View Real Time Build Order
Export as new Build Order

Panda Zerg - Winner!

Build Orders: Pool Only 

Get SALT Encoding   

  12  0:01  Drone  
  13  0:15  Extractor  
  12  0:24  Spawning Pool  
  12  0:28  Drone  
  12  0:34  Drone  
  13  0:41  Drone  
  14  0:48  Overlord  
  14  1:11  Zergling x4  
  14  1:12  Zergling x2  
  14  1:18  Metabolic Boost  
  17  1:23  Zergling x2  
  18  1:33  Zergling x2  
  19  1:42  Queen  
  19  1:44  Zergling x2  
  22  2:04  Overlord  
  22  2:22  Zergling x4  
  24  2:30  Zergling x2  
Show
View Real Time Build Order
Export as new Build Order

KhalaiLlama Protoss 

Build Orders: 1 Gate Expand 

Get SALT Encoding   

  12  0:01  Probe (Chrono Boost)  
  13  0:11  Probe (Chrono Boost)  
  14  0:19  Pylon  
  14  0:22  Probe (Chrono Boost)  
  15  0:37  Probe (Chrono Boost)  
  15  0:38  Gateway  
  16  0:48  Probe (Chrono Boost)  
  16  0:49  Assimilator  
  17  0:57  Assimilator  
  17  0:58  Probe (Chrono Boost)  
  18  1:09  Probe (Chrono Boost)  
  19  1:19  Probe (Chrono Boost)  
  20  1:30  Probe (Chrono Boost)  
  21  1:34  Nexus  
  21  1:41  Probe (Chrono Boost)  
  22  1:52  Pylon  
  22  2:00  Cybernetics Core  
  22  2:06  Probe (Chrono Boost)  
  24  2:26  Gateway  
  23  2:33  Pylon  
  23  2:39  Pylon  
Tags
 
Add a new tag
Caveats
  • Supply blocks, unpowered buildings, or Contaminate may cause inaccurate times.
  • Supply counts are checked every 10 seconds.